 Dungeon Crawl Stone Soup version 0.29-a0-923-g6e406bff71 (webtiles) character file.

Game seed: 9520544063792198067

367 leavemydog the Chopper (level 6, 0/53 HPs)
             Began as a Minotaur Fighter on July 27, 2022.
             Killed from afar by an orc wizard (9 damage)
             ... with a puff of flame
             ... on level 4 of the Dungeon.
             The game lasted 00:04:22 (2474 turns).

leavemydog the Chopper (Minotaur Fighter)           Turns: 2474, Time: 00:04:23

Health: 0/53       AC:  8    Str: 27    XL:     6   Next: 41%
Magic:  5/5        EV:  9    Int:  7    God:
Gold:   131        SH:  0    Dex:  9    Spells: 5/5 levels left

rFire   . . .      SeeInvis .   a - +0 war axe
rCold   . . .      Faith    .   c - +0 buckler
rNeg    . . .      Spirit   .   b - +0 scale mail
rPois   .          Reflect  .   (helmet restricted)
rElec   .          Harm     .   (no cloak)
rCorr   .          Rampage  .   (no gloves)
Will    .....                   h - +0 pair of boots
Stlth   ..........              (no amulet)
HPRegen 0.17/turn               q - +6 ring of strength
MPRegen 0.09/turn               (no ring)

@: confused
A: horns 2, retaliatory headbutt
a: no special abilities


You were on level 4 of the Dungeon.
You visited 1 branch of the dungeon, and saw 4 of its levels.

You collected 131 gold pieces.

Inventory:

Hand Weapons
 a - a +0 war axe (weapon)
Missiles
 n - a throwing net (quivered)
Armour
 b - a +0 scale mail (worn)
 c - a +0 buckler (worn)
 h - a +0 pair of boots (worn)
Jewellery
 q - a +6 ring of strength (left hand)
Scrolls
 e - 6 scrolls of identify {unknown}
 g - a scroll of immolation {unknown}
 i - a scroll of butterflies {unknown}
 j - a scroll of amnesia {unknown}
 p - a scroll of summoning {unknown}
 s - a scroll of enchant armour {unknown}
 t - 2 scrolls of enchant weapon {unknown}
 u - a scroll of teleportation {unknown}
Potions
 d - a potion of might
 k - a potion of flight {unknown}
 l - a potion of degeneration {unknown}
 m - 2 potions of lignification
 o - a potion of brilliance
 r - a potion of curing {unknown}
 v - a potion of mutation {unknown}


   Skills:
 + Level 4.7 Fighting
 * Level 6.4 Axes
 + Level 5.0 Armour
 + Level 4.2 Shields


You had 5 spell levels left.
You didn't know any spells.
Your spell library was empty.

Dungeon Overview and Level Annotations

Branches:
Dungeon (4/15)
 Temple: D:4-7

Altars:

Shops:
D:3 [   D:4 =


Innate Abilities, Weirdness & Mutations

You have a pair of horns on your head.
You reflexively headbutt those who attack you in melee.


Message History

You closely miss the orc wizard. You hit the ball python.
You kill the ball python!
The orc wizard mumbles some strange words.
The orc wizard flickers and vanishes!
You completely miss something. Your headbutt misses something.
You closely miss the orc priest. You miss something.
You hear some strange, mumbled words.
A magic dart appears from out of thin air!
The magic dart hits you!
The orc priest hits you with a +0 flail.
Something hits you.
You hear some strange, mumbled words.
You are more confused.
The orc priest hits you with a +0 flail.
Something hits you but does no damage.
You hit the orc priest but do no damage.
You miss something. x2
You hear some strange, mumbled words.
A magic dart appears from out of thin air!
The magic dart hits you.
You closely miss the orc priest. Your headbutt misses the orc priest.
You miss something. You closely miss something.
Something hits you but does no damage.
The orc priest hits you with a +0 flail.
* * * LOW HITPOINT WARNING * * *
You're too confused to move!
The orc priest hits you but does no damage.
Something hits you but does no damage. x2
You closely miss the orc priest. You closely miss something.
You miss something. Something hits you but does no damage.
The orc priest looks braver for a moment.
Something hits you.
* * * LOW HITPOINT WARNING * * *
You barely miss the orc priest.
You miss something. x2; Something hits you.
* * * LOW HITPOINT WARNING * * *
The orc priest hits you but does no damage.
You hear some strange, mumbled words.
A puff of flame appears from out of thin air!
The puff of flame hits you!
You die...

..........###.## #
...........#..#
..............# #
.......≈.....###.#
......≈.≈.........
.....≈...≈.)..##.
...≈..∩!o≈(...###
....≈..{≈o.......
.....≈.≈@.##.....
......≈....#..###
....(......# .#
......###.# #
...... .. #.....
#.# ##... .# #.#.
.#


You could see an orc priest and an orc.

Vanquished Creatures
  Sigmund (D:3)
  Terence (D:3)
  An iguana (D:4)
  An orc wizard (D:3)
  3 gnolls (D:4)
  3 adders
  2 worms (D:3)
  3 dart slugs
  7 orcs
  5 endoplasms
  A giant cockroach (D:4)
  6 goblins
  4 hobgoblins
  3 quokkas (D:3)
  5 ball pythons
  4 bats
  A kobold (D:4)
  4 rats
55 creatures vanquished.

Vanquished Creatures (others)
  2 fungi (D:3)
  4 plants (D:3)
6 creatures vanquished.

Grand Total: 61 creatures vanquished

Notes
Turn   | Place    | Note
-------+----------+-------------------------------------------
     0 | D:1      | leavemydog the Minotaur Fighter began the quest for the
                  | Orb.
     0 | D:1      | Reached XP level 1. HP: 19/19 MP: 0/0
   225 | D:1      | Reached XP level 2. HP: 27/27 MP: 1/1
   909 | D:2      | Reached skill level 3 in Axes
   909 | D:2      | Reached XP level 3. HP: 33/33 MP: 2/2
  1252 | D:3      | Noticed Terence
  1255 | D:3      | Killed Terence
  1366 | D:3      | Reached XP level 4. HP: 34/40 MP: 3/3
  1476 | D:3      | Reached skill level 4 in Axes
  1745 | D:3      | Found Jiburghe's Armour Shoppe.
  1817 | D:3      | Noticed Sigmund
  1862 | D:3      | Killed Sigmund
  1863 | D:3      | Reached skill level 5 in Axes
  1863 | D:3      | Reached skill level 5 in Armour
  1863 | D:3      | Reached XP level 5. HP: 47/47 MP: 4/4
  1863 | D:3      | Reached XP level 6. HP: 53/53 MP: 5/5
  2075 | D:3      | Found a faded altar of an unknown god.
  2398 | D:4      | Reached skill level 6 in Axes
  2445 | D:4      | Found Umozesuu's Jewellery Shoppe.
  2474 | D:4      | Killed from afar by an orc wizard

Illustrated notes

Levels and vault maps discovered:
D:1:      grunt_arrival_lava_bath, layout_rooms, minmay_misc_feat_cross
D:2:      layout_basic
D:3:      layout_rooms, serial_shops, shop,
          shapermc_ecumenical_altar_hornbeckon, uniq_sigmund, uniq_terence
D:4:      layout_rooms, serial_shops, nicolae_diamond_shop

Skill      XL: |  1  2  3  4  5  6 |
---------------+-------------------+-----
Fighting       | 4 |  4.7
Armour         | 4 5 |  5.0
Axes           | 3 5 6 |  6.4
Shields        | 4 |  4.2

Action                   |  1- 3 |  4- 6 || total
-------------------------+-------+-------++-------
Melee: War axe           |    70 |    76 ||   146
       Headbutt          |     8 |     7 ||    15
  Use: Potion            |       |     4 ||     4
Armor: Scale mail        |    51 |    51 ||   102
       Skin              |       |     6 ||     6
Dodge: Dodged            |    37 |    35 ||    72
Block: Buckler           |    15 |     6 ||    21

Table legend: (Time is in decaauts)
 A = Elapsed time spent in this place.
 B = Non-inter-level travel time spent in this place.
 C = Inter-level travel time spent in this place.
 D = Time resting spent in this place.
 E = Time spent auto-exploring this place.
 F = Levels seen in this place.
 G = Mean time per level.
                   A        B        C        D        E       F      G
               +--------+--------+--------+--------+--------+-----+--------+
         Total |   2532 |   2401 |    131 |    448 |   1545 |   4 |  633.0 |
       Dungeon |   2532 |   2401 |    131 |    448 |   1545 |   4 |  633.0 |
               +--------+--------+--------+--------+--------+-----+--------+

Top non-repeatable levels by time:
     D:3: 1154 daAuts
     D:2: 774 daAuts
     D:1: 501 daAuts
     D:4: 101 daAuts
